 Dungeon Crawl Stone Soup version 0.25-a0-265-g7af84ae0ac (webtiles) character file.

Game seed: 12383811894406221313, levelgen mode: deterministic

1138 floatRand the Shield-Bearer (level 8, -5/58 HPs)
             Began as a Demonspawn Fighter on Dec 7, 2019.
             Was a Follower of Nemelex Xobeh.
             Slain by an ogre
             ... wielding a +0 giant club
              (24 damage)
             ... on level 6 of the Dungeon.
             The game lasted 00:06:08 (5060 turns).

floatRand the Shield-Bearer (Demonspawn Fighter)    Turns: 5060, Time: 00:06:08

Health: -5/58      AC:  9    Str: 16    XL:     8   Next: 14%
Magic:  12/12      EV:  9    Int: 15    God:    Nemelex Xobeh [*.....]
Gold:   344        SH: 10    Dex: 16    Spells: 7/7 levels left

rFire    . . .     SeeInvis .   D - +4 spear (curse)
rCold    . . .     Gourm    .   c - +0 shield
rNeg     . . .     Faith    .   i - +3 leather armour
rPois    .         Spirit   .   (no helmet)
rElec    .         Reflect  .   (no cloak)
rCorr    .         Harm     .   (no gloves)
MR       .....                  q - +2 pair of boots
Stlth    +.........             (no amulet)
HPRegen  0.19/turn              x - +6 ring of intelligence
MPRegen  0.13/turn              (no ring)

@: lightly drained
A: claws 1, talons 1, demonic guardian 1, spiny 1
a: Draw Escape, Draw Destruction, Draw Summoning, Renounce Religion


You were on level 6 of the Dungeon.
You worshipped Nemelex Xobeh.
Nemelex Xobeh was aware of your devotion.
You were very hungry.

You visited 2 branches of the dungeon, and saw 7 of its levels.

You collected 344 gold pieces.

Inventory:

Hand Weapons
 a - a +1 trident
 z - the cursed +3 short sword "Vitz" {speed, +Fly rN+ Int+6}
   (You found it on level 5 of the Dungeon)

   Attacks with this weapon are significantly faster.
   It affects your intelligence (+6).
   It protects you from negative energy.
   It lets you fly.
   It has a curse placed upon it.
 D - a cursed +4 spear (weapon)
Missiles
 w - 2 throwing nets (quivered)
Armour
 b - a +0 scale mail
 c - a +0 shield (worn)
 i - a +3 leather armour (worn)
 q - a +2 pair of boots (worn)
Jewellery
 x - a +6 ring of intelligence (left claw)
 A - an uncursed ring of wizardry {unknown}
Wands
 t - a wand of disintegration (22)
 u - a wand of polymorph (8)
 y - a wand of random effects (4)
 E - a wand of paralysis (8)
Scrolls
 e - 2 scrolls of enchant weapon
 h - a scroll of fear
 k - 4 scrolls of teleportation
 l - 3 scrolls of remove curse
 o - 6 scrolls of identify
 r - a scroll of immolation
 B - a scroll of blinking {unknown}
 C - a scroll of enchant armour {unknown}
Potions
 d - 3 potions of might
 g - 5 potions of curing {unknown}
 j - 2 potions of brilliance {unknown}
 m - 2 potions of flight {unknown}
 n - 3 potions of magic {unknown}
 p - 2 potions of agility {unknown}
 s - 3 potions of heal wounds {unknown}
 v - 2 potions of mutation {unknown}
Comestibles
 f - 9 rations


   Skills:
 - Level 3.0(2.7) Fighting
 + Level 5.7(5.5) Polearms
 - Level 2.6(2.4) Armour
 + Level 6.1(5.9) Shields
 * Level 5.7(5.5) Invocations


You had 7 spell levels left.
You didn't know any spells.
Your spell library contained the following spells:

 Spells                   Type           Power        Failure   Level  Hunger
 Beastly Appendage        Tmut           #.....       71%         1    ##.....
 Sticks to Snakes         Tmut           #.......     85%         2    ###....
 Spider Form              Tmut/Pois      #.........   97%         3    ####...
 Ice Form                 Ice/Tmut       #.......     100%        4    #####..
 Blade Hands              Tmut           #.........   100%        5    ######.


Dungeon Overview and Level Annotations

Branches:
Dungeon (6/15)             Temple (1/1) D:5

Altars:
Elyvilon
Fedhas
Kikubaaqudgha
Nemelex Xobeh
Okawaru
Sif Muna
Trog
Uskayaw
Zin


Innate Abilities, Weirdness & Mutations

You have sharp fingernails.
You have sharp toenails.
A weak demonic guardian rushes to your aid.
You are partially covered in sharp spines.


Message History

Beogh smites you!
Your shadow imp barely misses the iguana.
The iguana is struck by your spines.
You kill the iguana!
The orc barely misses you. The jelly hits your shadow imp.
Your shadow imp is splashed with acid.
Your shadow imp hits the jelly.
The acid corrodes your shadow imp!
Your shadow imp is burned by acid!
The jelly closely misses your shadow imp.
Your shadow imp hits the jelly.
Your shadow imp seems to be corroded for longer.
Your shadow imp is burned by acid!
Your shadow imp dies!
The orc priest mumbles some strange prayers to Beogh against you.
Beogh smites you!
You draw a card...
You have drawn the Shaft.
A shaft materialises beneath you!
The orc falls through a shaft!
The ogre hits you with a +0 giant club!!
You die...
Your body glows slightly and disappears.

.. .........# #........ #.
.#......#######.#.##### ...
.................#####
.#!#.#........###..........
.....o......##......#######
####...J†?.###.#.###
.......○o.### #.#.#
#########O## ##.#.#
##@###....# ##...#####
#####


You could see an ogre, a jelly and 2 orc priests.

Vanquished Creatures
  An orc warrior (D:6)
  A sky beast (D:6)
  An ogre (D:6)
  A scorpion (D:5)
  4 wights (D:6)
  A howler monkey (D:4)
  A crimson imp (D:5)
  A hound (D:5)
  4 orc priests
  An iguana (D:6)
  An orc wizard (D:3)
  4 worker ants
  2 hound skeletons
  11 adders
  A shadow imp (D:5)
  2 oozes
  An adder skeleton (D:5)
  2 worms
  A dart slug (D:1)
  8 leopard geckos
  17 orcs
  5 ball pythons
  5 giant cockroaches
  5 goblins
  10 hobgoblins
  3 jackals (D:4)
  16 kobolds
  A quokka (D:5)
  4 bats
  6 frilled lizards
  A jackal skeleton (D:4)
  A jackal zombie (D:5)
  A leopard gecko skeleton (D:6)
  A leopard gecko zombie (D:5)
  A quokka zombie (D:5)
  13 rats
139 creatures vanquished.

Vanquished Creatures (collateral kills)
  An ogre (D:6)
  An orc wizard (D:3)
  A leopard gecko (D:3)
  A quokka skeleton (D:4)
4 creatures vanquished.

Grand Total: 143 creatures vanquished

Notes
Turn   | Place    | Note
-------+----------+-------------------------------------------
     0 | D:1      | floatRand the Demonspawn Fighter began the quest for the
                  | Orb.
     0 | D:1      | Reached XP level 1. HP: 18/18 MP: 1/1
   171 | D:1      | Reached skill level 3 in Shields
   179 | D:1      | Gained mutation: You are partially covered in sharp spines.
                  | [demonic ancestry]
   179 | D:1      | Reached XP level 2. HP: 24/24 MP: 2/2
   431 | D:1      | Reached XP level 3. HP: 17/29 MP: 3/3
   955 | D:2      | Gained mutation: You have sharp fingernails. [demonic
                  | ancestry]
   955 | D:2      | Reached XP level 4. HP: 35/35 MP: 4/4
  1298 | D:2      | Reached skill level 4 in Shields
  1427 | D:2      | Gained mutation: A weak demonic guardian rushes to your
                  | aid. [demonic ancestry]
  1427 | D:2      | Reached XP level 5. HP: 40/41 MP: 5/5
  2051 | D:3      | Reached XP level 6. HP: 41/47 MP: 6/6
  2349 | D:4      | Reached skill level 5 in Shields
  2350 | D:4      | Found an iron altar of Okawaru.
  2842 | D:4      | Found a bloodstained altar of Trog.
  3363 | D:5      | Entered Level 5 of the Dungeon
  3386 | D:5      | Found a staircase to the Ecumenical Temple.
  3418 | Temple   | Entered the Ecumenical Temple
  3510 | Temple   | Became a worshipper of Nemelex Xobeh the Trickster
  3559 | D:5      | Received a gift from Nemelex Xobeh
  3595 | D:5      | Reached skill level 1 in Invocations
  3606 | D:5      | Reached skill level 5 in Polearms
  3630 | D:5      | Got a warped short sword
  3641 | D:5      | Identified the cursed +3 short sword "Vitz" {speed, +Fly
                  | rN+ Int+6} (You found it on level 5 of the Dungeon)
  3680 | D:5      | Reached XP level 7. HP: 51/52 MP: 6/8
  4338 | D:5      | Found a shimmering blue altar of Sif Muna.
  4480 | D:6      | Reached * piety under Nemelex Xobeh
  4831 | D:6      | Reached skill level 6 in Shields
  4831 | D:6      | Reached skill level 5 in Invocations
  4882 | D:6      | Gained mutation: You have sharp toenails. [demonic
                  | ancestry]
  4882 | D:6      | Reached XP level 8. HP: 52/58 MP: 11/11
  5060 | D:6      | Slain by an ogre

Levels and vault maps discovered:
D:1:      minmay_arrival_doors, layout_loops_cross, minmay_vboxes
D:2:      layout_basic, minmay_3d_cube
D:3:      layout_basic, first_ration, roderic_serpentine_path
D:4:      layout_loops_corners, lemuel_doored_altar, overflow_temple_1_default,
          dk_noncrumbling_4
D:5:      layout_loops_corners, marbit_many_paths,
          minmay_temple_entry_offerings, minmay_misc_feat_tiny
D:6:      layout_loops_ring, st_stairs_2
Temple:   regret_index_temple_generic_petals

Skill      XL: |  1  2  3  4  5  6  7 |
---------------+----------------------+-----
Polearms       | 2 3 4 5 |  5.7
Shields        | 3 4 5 6 |  6.1
Invocations    | 1 5 |  5.7
Fighting       | |  3.0
Armour         | |  2.6

Action                   |  1- 3 |  4- 6 |  7- 9 || total
-------------------------+-------+-------+-------++-------
Melee: Trident           |   136 |   219 |   101 ||   456
       Spear             |       |       |     3 ||     3
 Abil: Draw Escape       |       |       |     2 ||     2
       Draw Destruction  |       |       |     1 ||     1
       Draw Summoning    |       |       |     1 ||     1
  Use: Scroll            |       |     8 |       ||     8
 Stab: Sleeping          |       |       |     2 ||     2
       Distracted        |       |       |     1 ||     1
  Eat: Chunk             |       |     7 |     2 ||     9
       Ration            |       |     1 |       ||     1
Armor: Scale mail        |    45 |    69 |       ||   114
       Leather armour    |       |     1 |    19 ||    20
Dodge: Dodged            |    35 |    42 |    32 ||   109
Block: Shield            |    70 |    87 |    36 ||   193

Table legend:
 A = Non-vault XP
 B = Vault XP
 C = Vault XP percentage of total XP
 D = Non-vault monster count
 E = Vault monster count
 F = Vault count percentage of total count
                 A         B        C        D         E       F
            +---------+---------+-------+---------+---------+-------
      Total |    1557 |      70 |   4.3 |     127 |      16 |  11.2
            +---------+---------+-------+---------+---------+-------
        D:1 |      48 |      18 |  27.3 |      25 |      10 |  28.6
        D:2 |     203 |       6 |   2.9 |      30 |       4 |  11.8
        D:3 |     155 |       0 |   0.0 |      23 |       0 |   0.0
        D:4 |     226 |       0 |   0.0 |      16 |       0 |   0.0
        D:5 |     158 |      43 |  21.4 |      15 |       1 |   6.2
        D:6 |     767 |       3 |   0.4 |      18 |       1 |   5.3
            +---------+---------+-------+---------+---------+-------
